 Dungeon Crawl Stone Soup version 0.17-a0-1416-gdf36fac (webtiles) character file.

284 Geeful the Changer (level 6, -2/38 HPs)
             Began as an Octopode Transmuter on June 23, 2015.
             Slain by an iguana (14 damage)
             ... on level 4 of the Dungeon.
             The game lasted 00:24:48 (5255 turns).

Geeful the Changer (Octopode Transmuter)            Turns: 5255, Time: 00:24:48

Health: -2/38      AC:  1    Str: 15    XL:     6   Next: 29%
Magic:  11/11      EV: 12    Int: 18    God:
Gold:   131        SH:  0    Dex: 14    Spells: 2 memorised, 8 levels left

rFire  . . .     SeeInvis .       - Unarmed
rCold  . . .     Clarity  .     (no shield)
rNeg   . . .     SustAt   .     (helmet restricted)
rPois  .         Gourm    .     (no amulet)
rElec  .         Spirit   .     f - ring of loudness (curse)
rCorr  .         Warding  .     r - +3 ring of intelligence
rMut   .         Stasis   .     (no ring)
MR     .....                    (no ring)
Stlth  +.........               (no ring)
                                (no ring)
                                (no ring)
                                (no ring)

@: mighty, appendage, not resistant to hostile enchantments, very unstealthy
A: almost no armour, amphibious, 8 rings, constrict 8, tentacle spike 3,
camouflage 1, gelatinous body 1
a: End Transformation


You were on level 4 of the Dungeon.
You were very hungry.
One of your tentacles had a temporary spike.
You visited 1 branch of the dungeon, and saw 4 of its levels.

You collected 131 gold pieces.

Inventory:

Hand weapons
 b - a +0 blowgun
Missiles
 a - 43 arrows
 i - a throwing net (quivered)
 l - 20 poisoned needles
Jewellery
 f - a cursed ring of loudness (left tentacle)
 r - a +3 ring of intelligence (right tentacle)
Magical devices
 e - a wand of digging (14)
Scrolls
 h - 6 scrolls of identify
 m - 2 scrolls of magic mapping
Books
 u - a book of Changes

   Spells                             Type                      Level
   a - Beastly Appendage              Transmutation                1
   b - Sticks to Snakes               Transmutation                2
   c - Spider Form                    Transmutation/Poison         3
   d - Ice Form                       Ice/Transmutation            4
   e - Blade Hands                    Transmutation                5
Comestibles
 c - a bread ration
 d - 4 meat rations
 g - 2 beef jerkies
 p - 7 fruits


   Skills:
 - Level 1.0 Fighting
 - Level 2.0 Dodging
 + Level 4.0 Unarmed Combat
 + Level 3.3 Spellcasting
 * Level 4.8 Transmutations


You had 8 spell levels left.
You knew the following spells:

 Your Spells              Type           Power        Failure   Level  Hunger
a - Beastly Appendage     Trmt           ###...       1%          1    None
b - Sticks to Snakes      Trmt           ###.......   3%          2    ##.....


Dungeon Overview and Level Annotations

Branches:
Dungeon (4/15)
 Temple: D:4-7

Altars:
Ashenzari
Fedhas
Makhleb
Nemelex Xobeh
Vehumet


Innate Abilities, Weirdness & Mutations

You cannot wear most types of armour.
You are amphibious.
You can wear up to eight rings at the same time.
You can use your tentacles to constrict eight enemies at once.
Your skin changes colour to match your surroundings (Stealth).
Your rubbery body absorbs attacks (AC +1).
One of your tentacles bears a large vicious spike.


Message History

The iguana hisses angrily.
You tentacle-slap the iguana. Your grab misses the iguana.
You pierce the iguana.
The iguana is moderately wounded.
The iguana bites you.
You closely miss the iguana. Your grab misses the iguana.
Your squeeze misses the iguana.
The iguana is moderately wounded.
The iguana bites you!
You barely miss the iguana. Your grab misses the iguana.
You squeeze the iguana!
The iguana is severely wounded.
The iguana bites you!
* * * LOW HITPOINT WARNING * * *
Drink which item? (? for menu, Esc to quit)
You feel better. The iguana barely misses you.
Drink which item? (? for menu, Esc to quit)
You feel very mighty all of a sudden. The iguana bites you!
You die...

******,****** #.
*,,,*,,,*...* #.
*,⌠,,,⌠,,.⌠.* #.
*,,,*,,,*...##############.
**,***,*##.##....W...).....
*,,,*,,,#...#W#############
*,⌠,*,⌠,#.⌠.#.#
*,,,*,,,#.l.#.#
*********#@##<#
#..###############
#.................
##################


You could see an iguana.

Vanquished Creatures
  2 hounds (D:4)
  An orc priest (D:3)
  Jessica (D:2)
  A worker ant (D:4)
  4 adders
  A worm (D:3)
  3 giant geckos
  4 orcs
  A bat skeleton (D:4)
  4 giant cockroaches
  4 goblins
  9 hobgoblins
  8 jackals
  8 kobolds
  4 quokkas
  5 bats
  A giant gecko skeleton (D:3)
  4 giant newts
  8 rats
73 creatures vanquished.

Vanquished Creatures (collateral kills)
  2 worker ants (D:4)
  2 adders (D:2)
  A kobold (D:4)
  A quokka skeleton (D:4)
6 creatures vanquished.

Grand Total: 79 creatures vanquished

Notes
Turn   | Place    | Note
--------------------------------------------------------------
     0 | D:1      | Geeful the Octopode Transmuter began the quest for the Orb.
     0 | D:1      | Reached XP level 1. HP: 13/13 MP: 3/3
   270 | D:1      | Reached XP level 2. HP: 12/18 MP: 3/5
  1127 | D:2      | Noticed Jessica
  1135 | D:2      | Killed Jessica
  1135 | D:2      | Reached XP level 3. HP: 20/23 MP: 6/6
  1164 | D:2      | Learned a level 2 spell: Sticks to Snakes
  1235 | D:2      | Reached XP level 4. HP: 18/28 MP: 0/7
  1639 | D:2      | You fall through a shaft for 2 floors!
  1740 | D:4      | Found a blossoming altar of Fedhas.
  2277 | D:3      | Found a faded altar to an unknown god.
  2389 | D:2      | Found a shattered altar of Ashenzari.
  2825 | D:3      | Reached XP level 5. HP: 20/33 MP: 7/9
  3151 | D:3      | Noticed a hungry ghost
  3241 | D:3      | Reached skill level 4 in Transmutations
  3545 | D:3      | Found a radiant altar of Vehumet.
  3732 | D:3      | Found a shattered altar of Ashenzari.
  3733 | D:3      | Found a sparkling altar of Nemelex Xobeh.
  4753 | D:4      | Reached XP level 6. HP: 38/38 MP: 10/10
  4817 | D:4      | Noticed a phantom
  4847 | D:4      | Found a burning altar of Makhleb.
  5255 | D:4      | Slain by an iguana

Vault maps used:
D:1:      roderic_crop_circles_arrival_small, minmay_newt_pond
D:2:      nicolae_ashenzari_panopticon, uniq_jessica
D:3:      overflow_temple_1_default, gammafunk_temple_overflow_wave,
          ecumenical_altar_2, first_bread
D:4:      lemuel_crystal_altar, makhleb_blood_cavern_becter,
          minmay_temple_entry_nine_rooms, st_stairs_4

Action                   |  1- 3 |  4- 6 || total
-------------------------+-------+-------++-------
Melee: Unarmed           |    55 |   136 ||   191
 Fire: Blowgun           |       |     5 ||     5
Throw: Throwing net      |       |     1 ||     1
 Cast: Beastly Appendage |     8 |    28 ||    36
       Sticks to Snakes  |     4 |    17 ||    21
  Use: Scroll            |     1 |     5 ||     6
       Potion            |     2 |     7 ||     9
 Stab: Distracted        |       |     1 ||     1
  Eat: Chunk             |     1 |     7 ||     8
       Bread ration      |       |     1 ||     1
       Beef jerky        |       |     1 ||     1
